 Dungeon Crawl Stone Soup version 0.28-a0-863-g8cecda6153 (webtiles) character file.

Game seed: 9940913155764316677

105 siradein the Chucker (level 4, -1/44 HPs)
             Began as a Troll Hunter on Nov 16, 2021.
             Slain by a black bear (5 damage)
             ... on level 2 of the Dungeon.
             The game lasted 00:04:02 (1143 turns).

siradein the Chucker (Troll Hunter)                 Turns: 1143, Time: 00:04:02

Health: -1/44      AC:  5    Str: 20    XL:     4   Next: 53%
Magic:  3/3        EV: 10    Int:  7    God:
Gold:   81         SH:  0    Dex: 11    Spells: 3/3 levels left

rFire   . . .      SeeInvis .     - Unarmed
rCold   . . .      Faith    .   (no shield)
rNeg    . . .      Spirit   .   b - +0 robe
rPois   .          Reflect  .   (helmet restricted)
rElec   .          Harm     .   f - +0 cloak
rCorr   .          Rampage  .   (gloves unavailable)
Will    .....                   (boots unavailable)
Stlth   +.........              (no amulet)
HPRegen 1.14/turn               (no ring)
MPRegen 0.08/turn               (no ring)

@: no status effects
A: large, unfitting armour, claws 3, regeneration 1, shaggy fur 1, tough skin 1
a: no special abilities


You were on level 2 of the Dungeon.
You visited 1 branch of the dungeon, and saw 2 of its levels.

You collected 81 gold pieces.

Inventory:

Missiles
 a - 103 stones (quivered)
 c - 5 large rocks
 d - 2 throwing nets
Armour
 b - a +0 robe (worn)
 f - a +0 cloak (worn)
Scrolls
 e - a scroll of fear {unknown}
 g - a scroll of enchant weapon {unknown}
 h - a scroll of fog {unknown}


   Skills:
 + Level 2.3 Fighting
 + Level 4.1 Throwing
 + Level 2.3 Dodging
 - Level 0.3 Stealth
 + Level 1.9 Unarmed Combat


You had 3 spell levels left.
You didn't know any spells.
Your spell library contained the following spells:

 Spells                   Type           Power      Damage    Failure   Level
 Corpse Rot               Necr/Air       0%         N/A       56%         2
 Dispel Undead            Necr           0%         3d6       99%         4
 Death Channel            Necr           0%         N/A       100%        6


Dungeon Overview and Level Annotations

Branches:
Dungeon (2/15)

Altars:

Shops:
D:1 !


Innate Abilities, Weirdness & Mutations

You are too large for most types of armour.
You have claws for hands.
Your natural rate of healing is unusually fast.
You are covered in fur. (AC +1)
You have tough skin. (AC +1)


Message History

You scratch the jackal.
You kill the jackal!
The black bear closely misses you. The black bear claws you.
The black bear misses you.
You scratch the black bear.
The black bear is heavily wounded.
The black bear barely misses you. The black bear claws you.
The black bear claws you but does no damage.
You scratch the black bear.
The black bear is heavily wounded.
The black bear bites you.
The black bear claws you but does no damage.
The black bear claws you.
You barely miss the black bear.
The black bear is heavily wounded.
The black bear bites you! The black bear claws you. x2
You scratch the black bear.
The black bear is severely wounded.
The black bear bites you but does no damage.
The black bear claws you. x2
You barely miss the black bear.
The black bear is severely wounded.
The black bear bites you. The black bear claws you. x2
You are too injured to fight recklessly!
You barely miss the black bear.
The black bear is severely wounded.
The black bear goes berserk!
You scratch the black bear.
The black bear is severely wounded.
The black bear bites you. The black bear barely misses you.
The black bear completely misses you. The black bear bites you!
* * * LOW HITPOINT WARNING * * *
The black bear claws you.
* * * LOW HITPOINT WARNING * * *
The black bear claws you.
* * * LOW HITPOINT WARNING * * *
You claw the black bear!
The black bear is almost dead.
The black bear bites you.
You die...

##### ###...#
###...#.#
###...###.##
#......##..#
#..#...#...# #
#.....)....# ####
##@##.##.#.# #...
#.h#...#†..#####.≈≈
##...............≈≈
#..#(..#.......#≈≈≈
##(##.##.#######..≈
......... #...
#..#.(.... ####
#####..... #####
#.(... .....


You could see a black bear (berserk).

Vanquished Creatures
  A hound (D:2)
  2 adders (D:2)
  An adder skeleton (D:2)
  3 worms (D:2)
  3 dart slugs
  2 ball pythons (D:1)
  A bat skeleton (D:2)
  6 endoplasms (D:1)
  6 goblins
  A hobgoblin (D:2)
  2 jackals (D:2)
  3 kobolds
  A ball python zombie (D:2)
  4 frilled lizards
  A giant cockroach zombie (D:2)
  A jackal zombie (D:2)
  A quokka skeleton (D:2)
  4 rats
43 creatures vanquished.

Vanquished Creatures (others)
  A withered plant (D:2)
1 creature vanquished.

Grand Total: 44 creatures vanquished

Notes
Turn   | Place    | Note
-------+----------+-------------------------------------------
     0 | D:1      | siradein the Troll Hunter began the quest for the Orb.
     0 | D:1      | Reached XP level 1. HP: 19/19 MP: 0/0
    39 | D:1      | Found Leom's Distillery.
   307 | D:1      | Reached XP level 2. HP: 28/28 MP: 1/1
   387 | D:1      | Found a faded altar of an unknown god.
   569 | D:1      | Reached skill level 1 in Unarmed Combat
   836 | D:2      | Reached XP level 3. HP: 35/35 MP: 2/2
   911 | D:2      | Reached skill level 4 in Throwing
  1009 | D:2      | Reached XP level 4. HP: 42/42 MP: 3/3
  1122 | D:2      | Noticed a black bear
  1143 | D:2      | Slain by a black bear

Illustrated notes

Levels and vault maps discovered:
D:1:      dpeg_arrival_simpleton_c, layout_loops_ring,
          shapermc_ecumenical_altar_mp_ritualfount, serial_shops,
          nicolae_diamond_shop, kennysheep_boxes
D:2:      layout_rooms, serial_undead, serial_undead_e, serial_undead_e,
          serial_undead_f, serial_undead_d, minmay_tromino_v4_b

Skill      XL: |  1  2  3 |
---------------+----------+-----
Unarmed Combat | 1 |  1.9
Fighting       | 2 |  2.3
Dodging        | 2 |  2.3
Throwing       | 4 |  4.1
Stealth        | |  0.3

Action                   |  1- 3 |  4- 6 || total
-------------------------+-------+-------++-------
Melee: Unarmed           |    77 |    51 ||   128
       Punch             |       |     1 ||     1
Throw: Stone             |     7 |     8 ||    15
 Stab: Sleeping          |     2 |       ||     2
Armor: Robe              |    20 |    19 ||    39
Dodge: Dodged            |    29 |    28 ||    57

Table legend: (Time is in decaauts)
 A = Elapsed time spent in this place.
 B = Non-inter-level travel time spent in this place.
 C = Inter-level travel time spent in this place.
 D = Time resting spent in this place.
 E = Time spent auto-exploring this place.
 F = Levels seen in this place.
 G = Mean time per level.
                   A        B        C        D        E       F      G
               +--------+--------+--------+--------+--------+-----+--------+
         Total |   1138 |   1118 |     20 |      4 |    800 |   2 |  569.0 |
       Dungeon |   1138 |   1118 |     20 |      4 |    800 |   2 |  569.0 |
               +--------+--------+--------+--------+--------+-----+--------+

Top non-repeatable levels by time:
     D:1: 708 daAuts
     D:2: 430 daAuts
